 Dungeon Crawl Stone Soup version 0.28-a0-87-g9a7839dea9 (webtiles) character file.

Game seed: 2775678945732532092

700 ipx the Chiller (level 7, 0/36 HPs)
             Began as a Deep Elf Ice Elementalist on Aug 6, 2021.
             Slain by a bullfrog (4 damage)
             ... on level 6 of the Dungeon.
             The game lasted 00:24:56 (1565 turns).

ipx the Chiller (Deep Elf Ice Elementalist)         Turns: 1565, Time: 00:24:57

Health: 0/36       AC:  2    Str:  5    XL:     7   Next: 38%
Magic:  8/15       EV: 12    Int: 22    God:
Gold:   163        SH:  0    Dex: 15    Spells: 3/14 levels left

rFire   . . .      SeeInvis .   e - scroll of blinking {unknown}
rCold   . . .      Faith    .   (no shield)
rNeg    . . .      Spirit   .   h - +0 robe
rPois   +          Reflect  .   (no helmet)
rElec   .          Harm     .   (no cloak)
rCorr   .          Rampage  .   (no gloves)
Will    .....                   (no boots)
Stlth   ++........              (no amulet)
HPRegen 0.12/turn               p - ring of poison resistance
MPRegen 0.14/turn               (no ring)

@: no status effects
A: no striking features
a: no special abilities


You were on level 6 of the Dungeon.
You visited 1 branch of the dungeon, and saw 6 of its levels.

You collected 163 gold pieces.

Inventory:

Hand Weapons
 a - a +2 whip of venom
 b - a +2 flail of protection
Missiles
 j - 8 curare-tipped darts (quivered)
Armour
 h - a +0 robe (worn)
Magical Staves
 w - a staff of air
Jewellery
 p - a ring of poison resistance (left hand)
Scrolls
 e - a scroll of blinking (in hand) {unknown}
 f - 3 scrolls of teleportation
 g - a scroll of amnesia {unknown}
 k - a scroll of enchant armour {unknown}
 l - a scroll of acquirement {unknown}
 m - a scroll of noise {unknown}
 q - a scroll of magic mapping {unknown}
 r - a scroll of fear {unknown}
 v - a scroll of immolation
 x - a scroll of enchant weapon
Potions
 c - a potion of lignification
 i - a potion of curing {unknown}
 n - 2 potions of attraction
 o - a potion of might {unknown}
 s - a potion of invisibility {unknown}


   Skills:
 - Level 2.4 Dodging
 - Level 2.4 Stealth
 - Level 4.0 Spellcasting
 + Level 6.6 Conjurations
 - Level 7.0 Ice Magic


You had 3 spell levels left.
You knew the following spells:

 Your Spells              Type           Power      Damage    Failure   Level
h - Hailstorm             Conj/Ice       34%        3d9       7%          4
o - Ozocubu's Armour      Ice            35%        N/A       1%          3
r - Frozen Ramparts       Ice            70%        1d9       1%          3
z - Freeze                Ice            100%       1d11      1%          1

Your spell library contained the following spells:

 Spells                   Type           Power      Damage    Failure   Level
 Gell's Gravitas          Tloc           2%         N/A       32%         3
 Lesser Beckoning         Tloc           2%         N/A       32%         3
 Teleport Other           Tloc           4%         N/A       32%         3


Dungeon Overview and Level Annotations

Branches:
Dungeon (6/15)
 Temple: D:4-7

Altars:
Ashenzari
Cheibriados
Elyvilon

Annotations:
D:4 Ijyb


Message History

The bullfrog hits you but does no damage.
A gnoll shaman comes into view. It is wielding a +0 club.
The shadow imp hits you.
Casting: Ozocubu's Armour (safe; 1% risk of failure)
Confirm with . or Enter, or press ? or * to list all spells.
Casting: Frozen Ramparts (safe; 1% risk of failure)
Press: ? - help, Dir - look around, f - activate A stone staircase leading up.
The walls around you are covered in ice.
The wall freezes the bullfrog.
The bullfrog seems to slow down.
The bullfrog snags a nearby small bird with its tongue.
The bullfrog hits you!
* * * LOW HITPOINT WARNING * * *
The shadow imp resists.
The wall freezes the shadow imp.
The shadow imp hits you.
* * * LOW HITPOINT WARNING * * *
Really quaff the potion of lignification?
You turn into a tree.
Your +0 robe melds into your body.
Your roots penetrate the ground.
The wall freezes the bullfrog!
The bullfrog hits you but does no damage.
The wall freezes the gnoll shaman.
The shadow imp resists.
The wall freezes the shadow imp.
The shadow imp hits you but does no damage.
It was a potion of flight.
Your roots keep you in place.
A gnoll comes into view. It is wielding a +0 flail.
The wall freezes the bullfrog.
The bullfrog hits you but does no damage.
The wall freezes the gnoll.
The shadow imp resists.
The wall freezes the shadow imp.
The shadow imp hits you but does no damage.
Okay, then.
Unknown command.
It was a potion of cancellation.
Your magical effects are unravelling.
You feel magically purged.
Your icy armour evaporates.
You feel less wooden.
Your +0 robe unmelds from your body.
The frozen ramparts melt away.
The bullfrog is no longer moving slowly.
The bullfrog hits you.
You die...

###
..#######
.......
..(.#####
#........
#@5.#
#F#.#


gg# # .... ##.## .. #. .. You could see a bullfrog, 2 gnolls and a shadow imp.

Vanquished Creatures
  Sigmund (D:5)
  A black bear (D:5)
  2 scorpions (D:4)
  A water moccasin skeleton (D:5)
  A howler monkey (D:5)
  A centaur zombie (D:5)
  A bullfrog skeleton (D:5)
  Natasha (D:3)
  A hound skeleton (D:4)
  A howler monkey zombie (D:5)
  A howler monkey skeleton (D:5)
  4 adders
  3 gnolls (D:4)
  An ufetubus (D:5)
  A dart slug (D:4)
  An orc (D:5)
  5 ball pythons
  An endoplasm (D:4)
  5 giant cockroaches
  6 goblins
  A hobgoblin (D:1)
  9 jackals
  2 quokkas
  6 bats
  A frilled lizard (D:2)
  5 kobolds
  A rat (D:3)
64 creatures vanquished.

Vanquished Creatures (others)
  49 plants (D:4)
49 creatures vanquished.

Grand Total: 113 creatures vanquished

Notes
Turn   | Place    | Note
-------+----------+-------------------------------------------
     0 | D:1      | ipx the Deep Elf Ice Elementalist began the quest for the
                  | Orb.
     0 | D:1      | Reached XP level 1. HP: 10/10 MP: 6/6
   139 | D:2      | Reached XP level 2. HP: 7/15 MP: 2/8
   146 | D:2      | Reached skill level 5 in Ice Magic
   409 | D:2      | Found a snail-covered altar of Cheibriados.
   451 | D:3      | Reached XP level 3. HP: 19/19 MP: 6/9
   453 | D:3      | Noticed Natasha
   524 | D:2      | Learned a level 3 spell: Frozen Ramparts
   528 | D:2      | Learned a level 3 spell: Ozocubu's Armour
   695 | D:4      | Noticed Ijyb
   695 | D:4      | Noticed a necrophage
   715 | D:3      | Killed Natasha
   716 | D:3      | Reached skill level 6 in Ice Magic
   716 | D:3      | Reached XP level 4. HP: 14/24 MP: 2/10
   776 | D:5      | Entered Level 5 of the Dungeon
   776 | D:5      | Noticed a black bear
   782 | D:5      | Killed a black bear
   783 | D:5      | Reached skill level 7 in Ice Magic
   783 | D:5      | Reached XP level 5. HP: 7/28 MP: 1/13
   788 | D:5      | Learned a level 4 spell: Hailstorm
   888 | D:4      | Reached skill level 1 in Conjurations
   930 | D:4      | Reached XP level 6. HP: 21/32 MP: 6/14
  1100 | D:4      | Found a white marble altar of Elyvilon.
  1100 | D:4      | Found a broken altar of Ashenzari.
  1261 | D:5      | Noticed Sigmund
  1274 | D:5      | Killed Sigmund
  1275 | D:5      | Reached skill level 5 in Conjurations
  1275 | D:5      | Reached XP level 7. HP: 33/36 MP: 1/15
  1565 | D:6      | Slain by a bullfrog

Illustrated notes

Levels and vault maps discovered:
D:1:      dpeg_arrival_three_same_balls, layout_basic, corexii_leaking_fountain
D:2:      layout_loops_ring, basic_altar, ebering_ecumenical_altar_mist,
          kennysheep_generic_room_15, uniq_crazy_yiuf_cottage
D:3:      layout_loops_cross, uniq_natasha
D:4:      layout_loops_corners, jmf_multi_god_temple, serial_bayou,
          serial_bayou_shore_b, serial_bayou_ford_a, serial_bayou_pond_d,
          serial_bayou_lagoon_a, serial_park_tiny_pond, uniq_ijyb
D:5:      layout_rooms, uniq_sigmund
D:6:      layout_basic, okawaru_ov_weapons_minmay,
          minmay_temple_entry_antechambers, serial_glass, glass_columns_a,
          glass_columns_c, glass_columns_b, glass_columns_c, glass_columns_a

Skill      XL: |  1  2  3  4  5  6  7 |
---------------+----------------------+-----
Ice Magic      | 5 6 7 |  7.0
Spellcasting   | 4 |  4.0
Conjurations   | 3 5 6 |  6.6
Dodging        | |  2.4
Stealth        | |  2.4

Action                   |  1- 3 |  4- 6 |  7- 9 || total
-------------------------+-------+-------+-------++-------
Melee: Whip              |     8 |    37 |    20 ||    65
       Flail             |       |       |    18 ||    18
Throw: Dart              |       |     9 |       ||     9
 Cast: Freeze            |    42 |     3 |       ||    45
       Frozen Ramparts   |     1 |     9 |     5 ||    15
       Ozocubu's Armour  |       |     6 |     5 ||    11
       Hailstorm         |       |     2 |     2 ||     4
  Use: Scroll            |       |       |     5 ||     5
       Potion            |       |       |     3 ||     3
 Stab: Sleeping          |     1 |       |       ||     1
Armor: Robe              |     5 |    13 |    19 ||    37
       Skin              |       |       |     4 ||     4
Dodge: Dodged            |    20 |    37 |    30 ||    87

Table legend: (Time is in decaauts)
 A = Elapsed time spent in this place.
 B = Non-inter-level travel time spent in this place.
 C = Inter-level travel time spent in this place.
 D = Time resting spent in this place.
 E = Time spent auto-exploring this place.
 F = Levels seen in this place.
 G = Mean time per level.
                   A        B        C        D        E       F      G
               +--------+--------+--------+--------+--------+-----+--------+
         Total |   1611 |   1610 |      1 |      0 |      0 |   6 |  268.5 |
       Dungeon |   1611 |   1610 |      1 |      0 |      0 |   6 |  268.5 |
               +--------+--------+--------+--------+--------+-----+--------+

Top non-repeatable levels by time:
     D:4: 454 daAuts
     D:5: 411 daAuts
     D:1: 276 daAuts
     D:3: 230 daAuts
     D:2: 228 daAuts
     D:6: 9 daAuts
